 Dungeon Crawl Stone Soup version 0.31-b1-22-gc680215f68 (webtiles) character file.

Game seed: 4211805783888955667

9207 shadowrider38 the Slicer (level 11, -3/58 HPs)
             Began as a Vine Stalker Warper on Jan 19, 2024.
             Was a Follower of Uskayaw.
             Killed by divine providence
             ... invoked by a meliai
              (11 damage)
             ... on level 13 of the Dungeon.
             The game lasted 00:27:35 (11748 turns).

shadowrider38 the Slicer (Vine Stalker Warper)     Turns: 11748, Time: 00:27:35

Health: -3/58      AC: 19    Str: 13    XL:     11   Next: 42%
Magic:  0/15       EV:  7    Int: 13    God:    Uskayaw [*.....]
Gold:   702        SH:  5    Dex: 19    Spells: 14/14 levels left

rFire   . . .        a - +6 short sword (holy)
rCold   + . .        A - +0 buckler
rNeg    . . .        f - +2 chain mail {Will+}
rPois   .            u - +0 helmet
rElec   .            (no cloak)
rCorr   .            o - +1 pair of gloves
SInv    .            (no boots)
Will    ++...        (no amulet)
Stlth   +            c - ring of protection from cold
HPRegen 1.09/turn    i - +4 ring of protection
MPRegen 0.14/turn

%: guardian spirit
@: no status effects
A: fangs 3, regeneration 1, magic shield, antimagic bite, no potion heal 2
a: Renounce Religion, Stomp


You were on level 13 of the Dungeon.
You worshipped Uskayaw.
Uskayaw was noncommittal.
You visited 2 branches of the dungeon, and saw 13 of its levels.
You also visited: Bailey.

You collected 702 gold pieces.

Inventory:

Hand Weapons
 a - a +6 short sword of holy wrath (weapon)
 w - a +0 rapier
Missiles
 k - 34 poisoned darts
 t - 11 boomerangs (quivered)
 v - 5 javelins
 K - 3 darts of dispersal
 Z - 7 throwing nets
Armour
 f - a +2 chain mail of willpower (worn)
 o - a +1 pair of gloves (worn)
 q - a scarf of harm
 u - a +0 helmet (worn)
 y - +0 steam dragon scales
 A - a +0 buckler (worn)
Jewellery
 c - a ring of protection from cold (left hand)
 i - a +4 ring of protection (right hand)
Wands
 P - a wand of paralysis (9)
Scrolls
 j - 2 scrolls of torment
 l - a scroll of silence {unknown}
 m - a scroll of fear
 n - a scroll of vulnerability {unknown}
 r - a scroll of poison
 z - a scroll of noise {unknown}
 B - a scroll of blinking
 C - a scroll of amnesia
Potions
 b - a potion of invisibility {unknown}
 e - 4 potions of enlightenment
 g - 3 potions of mutation
 h - 2 potions of cancellation
 p - a potion of attraction
 s - a potion of brilliance
 x - a potion of might
 Q - a potion of curing
Miscellaneous
 X - a box of beasts (inert)
 Y - a tin of tremorstones (2/2)


   Skills:
 + Level 6.4 Fighting
 - Level 12.0 Short Blades
 - Level 0.8 Throwing
 - Level 5.0 Armour
 - Level 3.0 Dodging
 - Level 5.5 Stealth
 + Level 2.0 Shields
 - Level 2.1 Spellcasting
 - Level 3.0 Translocations
 + Level 4.9 Invocations


You had 14 spell levels left.
You didn't know any spells.
Your spell library contained the following spells:

 Spells                   Type           Power      Damage    Failure   Level
 Blink                    Tloc           18%        N/A       95%         2
 Lesser Beckoning         Tloc           18%        N/A       95%         2
 Momentum Strike          Conj/Tloc      10%        3d8       99%         2
 Gell's Gravitas          Tloc           9%         N/A       99%         3
 Teleport Other           Tloc           9%         N/A       99%         3
 Dazzling Flash           Conj/Hex       2%         N/A       100%        3
 Mephitic Cloud           Conj/Alch/Air  1%         N/A       100%        3
 Manifold Assault         Tloc           9%         N/A       100%        4
 Vhi's Electric Charge    Tloc/Air       10%        N/A       100%        4
 Curse of Agony           Necr           1%         N/A       100%        5
 Silence                  Hex/Air        0%         N/A       100%        5


Dungeon Overview and Level Annotations

Branches:
Dungeon (13/15)            Temple (1/1) D:6          Bailey (visited)
   Lair: D:8-11         Orc: D:9-12      Vaults: D:13-14

Altars:
Ashenzari
Cheibriados
Dithmenos
Elyvilon
Fedhas
Gozag
Hepliaklqana
Kikubaaqudgha
Makhleb
Nemelex Xobeh
Okawaru
Qazlal
Ru
Sif Muna
Trog
Uskayaw
Vehumet
Wu Jian
Xom
Yredelemnul
Zin
The Shining One

Annotations:
D:5 exclusion: downstairs
D:6 exclusions: ice beast and orc
D:8 exclusions: downstairs and 2 oklob plants


Innate Abilities, Weirdness & Mutations

You have razor-sharp teeth.
Your natural rate of healing is unusually fast.
When hurt, damage is shared between your health and your magic reserves.
Your bite disrupts and absorbs the magic of your enemies.
Potions cannot restore your health.


Message History

The meliai calls down the wrath of its god upon you.
Something smites you!
The meliai mumbles some strange prayers to its god against you.
Something smites you!
You hear an angry buzzing noise.
You start resting.
The meliai invokes the aid of its god against you.
Something smites you!
You hit the meliai. Your bite misses the meliai.
The meliai is lightly wounded.
The meliai hits you with a +0 war axe!
The meliai stings you but does no damage.
You barely miss the meliai. Your bite misses the meliai.
The meliai is lightly wounded.
You block the meliai's attack. The meliai stings you!
You puncture the meliai!
The meliai is severely wounded.
You block the meliai's attack. The meliai closely misses you.
You closely miss the meliai. Your bite misses the meliai.
The meliai is severely wounded.
A meliai comes into view. It is wielding a +0 hand axe.
The meliai hits you with a +0 war axe. You block the meliai's attack.
Okay, then.
Okay, then.
Unknown command.
Okay, then.
Aiming: Paralyse
Press: ? - help, Shift-Dir - straight line, f - meliai
Aim: a meliai, wielding a +0 war axe and wearing a +1 leather armour of positive energy (severely wounded, chance to affect: 49%)
Okay, then.
Unknown command.
Unknown command.
Okay, then.
Unknown command.
Unknown command.
You stomp with the beat, sending a shockwave through the revellers around you!
The meliai is almost dead.
The meliai mumbles some strange prayers to its god against you.
Something smites you!
* * * LOW HITPOINT WARNING * * *
The meliai hits you but does no damage.
The meliai stings you but does no damage.
Okay, then.
Unknown command.
Unknown command.
You barely miss the meliai.
The meliai is almost dead.
The meliai calls down the wrath of its god upon you.
Something smites you!
You die...

#............# .#y
#........###.#####
.#.
..######..##.....#
..# .## ##.######.#
..# .#. #.# #.# ..
.#. #.#### #.# .#
.#. #....# #.###.#
.#. #....# #.#...#
.#.## ##....#
#@#.###
.##.####.....###y.y#
...............#####
#..............#
#......|.......#
#..............#
#..#########.###
((.## .# ....# ..


You could see 2 meliai.

Vanquished Creatures
  A two-headed ogre (D:10)
  Pikel (D:8)
  2 cyclopes (D:13)
  A hornet (D:10)
  A vampire (D:11)
  2 shadows
  2 wyverns (D:10)
  12 yaks
  2 steam dragons (D:7)
  Menkaure (D:6)
  7 orc warriors
  A sky beast (D:7)
  5 wolves (Bailey)
  2 centaurs
  4 lemures
  A phantom (D:6)
  4 kobold brigands
  7 gnoll sergeants (Bailey)
  4 bullfrogs
  3 scorpions
  3 wights (D:9)
  A killer bee (D:9)
  2 howler monkeys
  A jelly (D:5)
  9 orc priests
  8 gnoll boudas
  5 hounds
  5 iguanas
  15 orc wizards
  26 gnolls
  6 adders
  2 white imps (D:6)
  A dart slug (D:4)
  A ribbon worm (D:2)
  31 orcs
  5 bats
  8 endoplasms
  3 giant cockroaches
  8 goblins
  4 hobgoblins
  4 jackals (D:2)
  25 kobolds
  2 quokkas
  10 ball pythons
  3 frilled lizards
  5 rats
256 creatures vanquished.

Notes
Turn   | Place    | Note
-------+----------+-------------------------------------------
     0 | D:1      | shadowrider38 the Vine Stalker Warper began the quest for
                  | the Orb.
     0 | D:1      | Reached XP level 1. HP: 11/11 MP: 4/4
    38 | D:1      | beem: No games for shadowrider38 (vswr).
    38 | D:1      | beem: No games for shadowrider38 (won vswr).
    46 | D:1      | Reached skill level 2 in Short Blades
    46 | D:1      | Found a faded altar of an unknown god.
   266 | D:2      | Reached XP level 2. HP: 15/15 MP: 6/6
   661 | D:2      | Reached XP level 3. HP: 18/18 MP: 7/7
  1105 | D:3      | Reached skill level 3 in Short Blades
  1752 | D:3      | Found a blossoming altar of Fedhas.
  1890 | D:3      | Reached XP level 4. HP: 23/23 MP: 8/8
  2383 | D:4      | Noticed a scorpion
  2584 | D:4      | Found a broken altar of Ashenzari.
  2591 | D:4      | Noticed a scorpion
  2635 | D:4      | Reached skill level 4 in Short Blades
  2804 | D:4      | Reached XP level 5. HP: 26/26 MP: 9/9
  3048 | D:5      | Entered Level 5 of the Dungeon
  3400 | D:4      | Reached skill level 5 in Short Blades
  3814 | D:5      | Reached XP level 6. HP: 30/30 MP: 10/10
  4228 | D:5      | Reached skill level 6 in Short Blades
  4527 | D:6      | Found a burning altar of Makhleb.
  4570 | D:6      | Noticed Menkaure
  4594 | D:6      | Killed Menkaure
  4595 | D:6      | Reached XP level 7. HP: 21/34 MP: 6/11
  4743 | D:6      | Reached skill level 7 in Short Blades
  4820 | D:6      | Found a staircase to the Ecumenical Temple.
  4924 | Temple   | Entered the Ecumenical Temple
  5045 | D:6      | Reached skill level 8 in Short Blades
  5078 | D:6      | Gained mutation: You have razor-sharp teeth. [Vine Stalker
                  | growth]
  5078 | D:6      | Reached XP level 8. HP: 37/39 MP: 9/12
  5685 | D:7      | Found a hide-covered altar of Uskayaw.
  5747 | D:7      | Became a worshipper of Uskayaw the Reveller
  5806 | D:6      | Reached * piety under Uskayaw
  5819 | D:7      | Reached ** piety under Uskayaw
  5853 | D:6      | Reached *** piety under Uskayaw
  5928 | D:7      | Reached skill level 3 in Stealth
  5941 | D:7      | Found a basalt altar of Yredelemnul.
  5942 | D:7      | Found a hazy altar of Hepliaklqana.
  5945 | D:7      | Found a shimmering altar of Xom.
  5949 | D:7      | Found a glowing golden altar of the Shining One.
  6220 | D:7      | Reached **** piety under Uskayaw
  6245 | D:7      | Found a flagged portal.
  6254 | Bailey   | Entered a bailey
  6279 | Bailey   | Reached skill level 3 in Fighting
  6348 | Bailey   | Reached XP level 9. HP: 26/44 MP: 5/13
  6578 | Bailey   | Identified the +1 great mace of Infection {freeze, +Blink
                  | Str+4}
  6657 | Bailey   | Reached skill level 9 in Short Blades
  6749 | Bailey   | Reached skill level 3 in Dodging
  7117 | Bailey   | Reached skill level 3 in Armour
  8416 | D:8      | Reached ***** piety under Uskayaw
  8440 | D:8      | Reached ****** piety under Uskayaw
  8640 | D:7      | Reached skill level 10 in Short Blades
  8640 | D:7      | Reached XP level 10. HP: 51/51 MP: 14/14
  8813 | D:8      | Found a stormy altar of Qazlal.
  9177 | D:8      | Noticed an oklob plant
  9208 | D:8      | Noticed an oklob plant
  9475 | D:8      | Noticed Pikel
  9492 | D:8      | Killed Pikel
  9670 | D:9      | Found a shadowy altar of Dithmenos.
 10051 | D:9      | Reached skill level 11 in Short Blades
 10053 | D:9      | Found a snail-covered altar of Cheibriados.
 10195 | D:9      | Found an iron altar of Okawaru.
 10237 | D:9      | Noticed a two-headed ogre
 10507 | D:9      | Found a sparkling altar of Nemelex Xobeh.
 10507 | D:9      | Found an opulent altar of Gozag.
 10577 | D:9      | Identified the +9 hand axe of the Shore {venom, Int+3}
 10624 | D:10     | Entered Level 10 of the Dungeon
 10684 | D:10     | Paralysed by a hornet for 3 turns
 10739 | D:10     | Reached skill level 3 in Invocations
 10790 | D:10     | Reached XP level 11. HP: 56/56 MP: 15/15
 10910 | D:10     | Noticed a two-headed ogre
 10919 | D:10     | Killed a two-headed ogre
 10920 | D:10     | Reached skill level 12 in Short Blades
 11035 | D:10     | Found a sacrificial altar of Ru.
 11645 | D:11     | You fall into a shaft and drop 2 floors!
 11673 | D:13     | Noticed a cyclops
 11680 | D:13     | Noticed a cyclops
 11682 | D:13     | Killed a cyclops
 11683 | D:13     | Killed a cyclops
 11748 | D:13     | Killed from afar by a meliai

Illustrated notes

Levels and vault maps discovered:
D:1:      dpeg_arrival_pits, layout_rooms, nicolae_ecumenical_snake_handling,
          minmay_misc_feat_secret_circle, minmay_misc_feat_four_crosses,
          minmay_indecisive_spiral
D:2:      layout_basic, kennysheep_generic_room_16
D:3:      layout_loops_cross, fedhas_altar_fruit_tree, kennysheep_minor_cross,
          minmay_misc_feat_enclosed
D:4:      layout_basic, evilmike_ruin_ashenzari
D:5:      layout_basic, minmay_misc_feat_x, serial_bayou_lake_a
D:6:      layout_basic, mainiacjoe_overflow_cross_hatched, temple_statues,
          uniq_menkaure
D:7:      layout_basic, nicolae_uskayaw_dance_studio,
          nicolae_overflow_macrodata_refinement, enter_bailey_2
D:8:      layout_cave_pools, nicolae_qazlal_scattered_showers, serial_park,
          serial_park_avenue1, serial_park_tiny_1, serial_park_tiny_pond,
          serial_park_tiny_1, serial_park_square2, hangedman_decor_growths,
          disabler_island, uniq_pikel
D:9:      layout_roguey, grunt_temple_overflow_opulence,
          mainiacjoe_overflow_paths, marbit_many_paths,
          nicolae_dithmenos_the_darkroom
D:10:     layout_roguey, nicolae_ru_great_annihilating_truth
D:11:     layout_basic, erik_lair_dragon, special_room [special_room_kobold],
          uniq_lodul
D:13:     minmay_diamond_stairs, layout_basic, ximxim_vaults_locker_room,
          serial_bayou, serial_bayou_pond_e, serial_bayou_shore_b,
          serial_bayou_lagoon_a, serial_bayou_pond_b, chei_slow_surprise,
          uniq_sonja
Temple:   nicolae_temple_little_seven

Skill      XL: |  1  2  3  4  5  6  7  8  9 10 11 |
---------------+----------------------------------+-----
Short Blades   | 2 3 4 5 6 8 10 11 12 | 12.0
Stealth        | 1 2 4 5 |  5.5
Armour         | 2 3 5 |  5.0
Fighting       | 3 4 5 6 |  6.4
Dodging        | 2 3 |  3.0
Invocations    | 1 2 3 4 |  4.9
Shields        | 2 |  2.0
Throwing       | |  0.8
Spellcasting   | |  2.1
Translocations | |  3.0

Action                     |  1- 3 |  4- 6 |  7- 9 | 10-12 || total
---------------------------+-------+-------+-------+-------++-------
  Melee: Short sword       |   143 |       |    98 |   341 ||   582
         Bite              |    36 |    38 |   179 |   129 ||   382
         Rapier            |    29 |   153 |   413 |       ||   595
         Punch             |       |     2 |     3 |     5 ||    10
  Throw: Dart              |       |     4 |       |       ||     4
         Boomerang         |       |     7 |     6 |       ||    13
         Throwing net      |       |       |       |     1 ||     1
 Invoke: Line Pass         |       |       |     2 |     1 ||     3
         Stomp             |       |       |     5 |     1 ||     6
  Evoke: Wand              |       |       |    20 |     4 ||    24
         Box of beasts     |       |       |     1 |     1 ||     2
    Use: Scroll            |       |     8 |     7 |     5 ||    20
         Potion            |       |     2 |       |     1 ||     3
   Stab: Sleeping          |     5 |     3 |     4 |       ||    12
         Paralysed         |       |       |    10 |    17 ||    27
         Distracted        |       |       |     1 |     1 ||     2
 Armour: Leather armour    |    84 |   107 |   127 |       ||   318
         Steam dragon scal |       |       |   152 |       ||   152
         Chain mail        |       |       |    56 |   163 ||   219
  Dodge: Dodged            |    91 |    90 |   313 |    64 ||   558
  Block: Buckler           |       |       |       |     6 ||     6
